AoeStats
← schmeno

Black Forest

506534008Analyzed
4v4 RM · 20d ago on Sep 13, 2026· 33m 53s· 8 players
Game mode
Random Map
Map size
Large (8 player)
Population
200
Speed
Normal
Resources
Standard
Victory
Conquest
Starting age
Dark Age
Ending age
Imperial Age
RankedLock teamsTeams togetherTeam positionsShared explorationLock speedFull tech treeHidden civsTurbo modeCheats
Victory
Defeat
🇨🇱 Maya · Chile
1227
+15
🇲🇽 Franks · Mexico
1156
+18
🇵🇪 Turks · Peru
1135
+18
🇦🇷 Malians · Argentina
1105
+19
🇺🇸 Mongols · United States
1228
-19
🇺🇸 Teutons · United States
1226
-19
🇺🇸 Celts · United States
1175
-17
🇺🇸 Ethiopians · United States
1136
-15
Cochiloco2000
0:40 Loom
12:50 Feudal Age
13:36 Man-at-Arms
15:48 Scale Barding Armor
17:20 Forging
19:44 Double-Bit Axe
25:05 Castle Age
27:05 Iron Casting
26:46 Husbandry
31:14 Light Cavalry
LEÑA
0:27 Loom
12:19 Feudal Age
16:05 Castle Age
14:50 Double-Bit Axe
16:07 Fletching
16:25 Crossbowman
17:17 Bow Saw
20:49 Bodkin Arrow
23:05 Horse Collar
29:25 Heavy Plow
29:16 Gold Mining
30:44 Padded Archer Armor
31:50 Thumb Ring
[ESTG] Daupoch
0:56 Loom
13:33 Feudal Age
13:41 Man-at-Arms
14:07 Arson
14:47 Double-Bit Axe
14:44 Horse Collar
17:03 Scale Mail Armor
18:06 Forging
31:33 Wheelbarrow
30:51 Gold Mining
The_Valhalla
13:06 Feudal Age
14:03 Double-Bit Axe
13:59 Horse Collar
17:08 Castle Age
21:38 Imperial Age
19:22 Fishing Lines
21:12 Forging
21:07 Scale Barding Armor
26:51 Loom
32:34 Wheelbarrow
33:11 Bloodlines
Tired Cock
11:42 Feudal Age
14:25 Loom
17:30 Castle Age
16:01 Double-Bit Axe
16:12 Horse Collar
32:22 Husbandry
r smothers
0:28 Loom
13:41 Feudal Age
17:38 Castle Age
16:01 Double-Bit Axe
22:00 Bow Saw
21:39 Horse Collar
25:49 Heavy Plow
27:21 Scale Barding Armor
29:27 Bloodlines
32:15 Forging
schmeno
1:12 Loom
11:37 Feudal Age
13:30 Wheelbarrow
16:08 Castle Age
13:58 Double-Bit Axe
14:27 Horse Collar
16:23 Fletching
16:46 Crossbowman
19:52 Bodkin Arrow
23:59 Padded Archer Armor
28:06 Leather Archer Armor
Deputy Dong
10:53 Feudal Age
12:04 Double-Bit Axe
12:03 Horse Collar
14:29 Castle Age
15:35 Bow Saw
15:28 Heavy Plow
19:54 Loom
20:20 Fletching
22:18 Wheelbarrow
25:31 Ballistics
25:23 Masonry
25:46 Hand Cart
26:07 Bodkin Arrow
26:13 Padded Archer Armor
27:45 Gold Mining
28:20 Leather Archer Armor
28:49 Bloodlines
28:40 Husbandry
30:14 Thumb Ring
34:24 Imperial Age
Connection lost

Rejoining the realm…

Still unreachable

The connection could not be restored.

Session expired

The server has moved on; the page needs a fresh start.